 Dungeon Crawl Stone Soup version 0.21.0-30-g47ce8e4 (webtiles) character file.

304 JayRed the Covert (level 6, -3/44 HPs)
             Began as a Vampire Assassin on Jan 28, 2018.
             Slain by an ice beast (11 damage)
             ... on level 5 of the Dungeon.
             The game lasted 00:18:06 (2835 turns).

JayRed the Covert (Vampire Assassin)                Turns: 2835, Time: 00:18:07

Health: -3/44      AC:  6    Str: 11    XL:     6   Next: 15%
Magic:  6/6        EV: 11    Int: 13    God:
Gold:   57         SH:  0    Dex: 17    Spells: 5/5 levels left

rFire    . . .     SeeInvis +   o - +0 dagger (venom)
rCold    . . .     Gourm    .   (no shield)
rNeg     + . .     Faith    .   u - +0 ring mail
rPois    .         Spirit   .   (no helmet)
rElec    .         Reflect  .   J - scarf {cloud immunity}
rCorr    .         Harm     .   (no gloves)
MR       .....                  k - +0 pair of boots
Stlth    +++.......             (no amulet)
HPRegen  0.14/turn              (no ring)
MPRegen  0.10/turn              (no ring)

@: no status effects
A: fangs 3, see invisible, unbreathing
a: Bat Form


You were on level 5 of the Dungeon.
You were not thirsty.

You visited 1 branch of the dungeon, and saw 5 of its levels.

You collected 57 gold pieces.

Inventory:

Hand Weapons
 a - a +2 dagger
 b - a +0 blowgun
 h - a cursed +0 club
 n - a +0 club
 o - a +0 dagger of venom (weapon)
 p - a +0 club
 r - a +1 hunting sling of freezing
 v - a +0 club
 A - a +0 mace
 E - a +0 hand axe
 F - a +0 short sword
 H - a +0 dagger
Missiles
 e - 57 poisoned needles
 f - 2 curare-tipped needles
 q - 15 bolts
 x - 35 stones (quivered)
 D - 13 arrows
Armour
 c - a +0 robe
 d - a +0 cloak
 k - a +0 pair of boots (worn)
 s - a +0 robe
 t - a +0 robe
 u - a +0 ring mail (worn)
 C - a +0 leather armour
 I - a +0 robe
 J - a scarf of cloud immunity (worn)
Scrolls
 w - 4 scrolls of teleportation
 y - 4 scrolls of amnesia
 G - a scroll of identify
Potions
 i - a potion of brilliance
 j - a potion of magic
 l - a potion of invisibility {unknown}
 m - a potion of agility {unknown}
 B - a potion of mutation {unknown}
Comestibles
 z - 7 rations


   Skills:
 + Level 2.2 Fighting
 + Level 3.9 Short Blades
 + Level 1.5 Throwing
 + Level 2.1 Armour
 + Level 2.4 Dodging
 + Level 8.3 Stealth


You had 5 spell levels left.
You didn't know any spells.

Dungeon Overview and Level Annotations

Branches:
Dungeon (6/15)
 Temple: D:4-7

Altars:
Dithmenos
Kikubaaqudgha


Innate Abilities, Weirdness & Mutations

You have razor-sharp teeth.
You have supernaturally acute eyesight. (SInv)
You can survive without breathing.


Message History

The ice beast hits you. The ice beast freezes you!
* * * LOW HITPOINT WARNING * * *
You hit the ice beast.
The ice beast is moderately wounded.
The ice beast hits you but does no damage.
You hit the ice beast.
The ice beast is moderately wounded.
You closely miss the ice beast.
The ice beast is moderately wounded.
The ice beast hits you but does no damage.
You see here 25 sling bullets.
You hit the ice beast but do no damage. You bite the ice beast.
The ice beast is heavily wounded.
The ice beast hits you but does no damage.
You hit the ice beast. Your bite misses the ice beast.
The ice beast is heavily wounded.
The ice beast hits you.
* * * LOW HITPOINT WARNING * * *
The ice beast freezes you!
You die...

.%..#.# #.#
#.....## #.#
######.#
#..####.#
#......#
#.......#
#.###..###..#
#.....##
#..#######
###.#(#
#.........
#.#Y##
##.#######
#.#.@# #.#
..##.####.##
####.#.....#
#.#.##..########
#.#
#..>......###
#.#
##......#....
#.# ######......
... #######


You could see an ice beast.

Vanquished Creatures
  A sky beast (D:6)
  A bullfrog (D:5)
  A hound (D:6)
  2 orc wizards (D:6)
  An adder (D:3)
  An ooze (D:1)
  An adder zombie (D:5)
  2 worms (D:3)
  2 leopard geckos
  4 orcs
  A ball python (D:3)
  A giant cockroach (D:3)
  4 hobgoblins
  4 jackals (D:1)
  2 bats
  2 frilled lizards
  6 goblins
  3 kobolds
  A quokka zombie (D:6)
  2 rats (D:3)
  A withered plant (D:2)
43 creatures vanquished.

Notes
Turn   | Place    | Note
-------+----------+-------------------------------------------
     0 | D:1      | JayRed the Vampire Assassin began the quest for the Orb.
     0 | D:1      | Reached XP level 1. HP: 16/16 MP: 1/1
   119 | D:1      | Reached skill level 6 in Stealth
   170 | D:1      | Reached XP level 2. HP: 22/22 MP: 2/2
   430 | D:1      | Reached skill level 7 in Stealth
   500 | D:2      | Found an ancient bone altar of Kikubaaqudgha.
  1376 | D:3      | Reached XP level 3. HP: 25/27 MP: 3/3
  1534 | D:3      | You fall through a shaft for 3 floors!
  1534 | D:6      | Found a shadowy altar of Dithmenos.
  1534 | D:6      | Noticed a sky beast
  1547 | D:6      | Killed a sky beast
  1547 | D:6      | Reached skill level 1 in Armour
  1547 | D:6      | Reached XP level 4. HP: 17/33 MP: 4/4
  1547 | D:6      | Reached XP level 5. HP: 20/38 MP: 5/5
  1597 | D:6      | Reached skill level 8 in Stealth
  1675 | D:5      | Entered Level 5 of the Dungeon
  1676 | D:5      | Reached XP level 6. HP: 5/44 MP: 6/6
  2798 | D:5      | Noticed an ice beast
  2835 | D:5      | Slain by an ice beast

Skill      XL: |  1  2  3  4  5 |
---------------+----------------+-----
Stealth        | 6 7 8 |  8.3
Fighting       | 2 |  2.2
Short Blades   | 3 |  3.9
Armour         | 1 2 |  2.1
Dodging        | 2 |  2.4
Throwing       | |  1.5

Action                   |  1- 3 |  4- 6 || total
-------------------------+-------+-------++-------
Melee: Dagger            |   286 |    53 ||   339
       Bite              |    43 |     6 ||    49
  Use: Scroll            |     4 |     1 ||     5
       Potion            |     2 |       ||     2
 Stab: Sleeping          |     3 |     1 ||     4
  Eat: Corpse            |     9 |     1 ||    10
Armor: Robe              |     2 |       ||     2
       Ring mail         |    60 |    25 ||    85
Dodge: Dodged            |    75 |    29 ||   104
